 Dungeon Crawl Stone Soup version 0.20.0-6-gd3061e9 (webtiles) character file.

925 anfisbena the Cleaver (level 8, -1/75 HPs)
             Began as a Hill Orc Fighter on May 28, 2017.
             Was a Believer of Uskayaw.
             Slain by an orc knight
             ... wielding a +0 dire flail
              (16 damage)
             ... on level 8 of the Dungeon.
             The game lasted 00:05:08 (4638 turns).

anfisbena the Cleaver (Hill Orc Fighter)            Turns: 4638, Time: 00:05:09

Health: -1/75      AC: 10    Str: 24    XL:     8   Next: 10%
Magic:  8/8        EV:  7    Int:  8    God:    Uskayaw [**....]
Gold:   257        SH:  9    Dex: 12    Spells: 7/7 levels left

rFire    . . .     SeeInvis .   a - +0 war axe
rCold    + . .     Gourm    .   c - +0 shield
rNeg     . . .     Faith    .   b - +0 scale mail
rPois    .         Spirit   .   e - +1 helmet
rElec    .         Reflect  .   m - +0 cloak
rCorr    .         Harm     .   (no gloves)
MR       .....                  (no boots)
Stlth    ..........             (no amulet)
Regen    0.3/turn               (no ring)
MPRegen  0.2/turn               D - ring of protection from cold

@: mighty, about to teleport
A: no striking features
a: Stomp, Line Pass, Renounce Religion


You were on level 8 of the Dungeon.
You worshipped Uskayaw.
Uskayaw was noncommittal.
You were not hungry.

You visited 2 branches of the dungeon, and saw 7 of its levels.

You collected 257 gold pieces.

Inventory:

Hand Weapons
 a - a +0 war axe (weapon)
Armour
 b - a +0 scale mail (worn)
 c - a +0 shield (worn)
 e - a +1 helmet (worn)
 m - a +0 cloak (worn)
 J - a +0 pair of gloves
Jewellery
 i - an uncursed ring of fire
 D - a ring of protection from cold (right hand)
 E - an uncursed ring of poison resistance {unknown}
Wands
 k - a wand of acid (10/15)
 A - a wand of confusion (19/48)
 B - a wand of random effects (22/48)
 G - a wand of iceblast (8/15)
 M - a wand of paralysis (17/24)
Scrolls
 h - 3 scrolls of teleportation
 o - 2 scrolls of enchant armour
 p - 5 scrolls of identify
 r - 2 scrolls of fog
 t - 2 scrolls of amnesia
 u - 4 scrolls of remove curse
 w - a scroll of fear
 y - a scroll of noise {unknown}
 z - a scroll of magic mapping {unknown}
 L - a scroll of blinking {unknown}
 N - a scroll of recharging {unknown}
Potions
 d - a potion of might
 g - 3 potions of curing {unknown}
 l - a potion of heal wounds
 n - a potion of degeneration {unknown}
 s - a potion of resistance {unknown}
 v - a potion of brilliance {unknown}
 x - 2 potions of lignification {unknown}
 C - a potion of haste {unknown}
 F - a potion of mutation {unknown}
 H - a potion of berserk rage {unknown}
 I - 2 potions of ambrosia {unknown}
Comestibles
 f - 4 bread rations
 j - a royal jelly
 q - 3 meat rations
 K - 4 fruits
 O - 2 chunks of flesh


   Skills:
 + Level 8.5 Fighting
 + Level 8.6 Axes
 - Level 3.2 Armour
 - Level 3.2 Shields


You had 7 spell levels left.
You didn't know any spells.

Dungeon Overview and Level Annotations

Branches:
Dungeon (5/15)             Temple (1/1) D:5

Altars:
Cheibriados
Dithmenos
Elyvilon
Gozag
Hepliaklqana
Makhleb
Nemelex Xobeh
Okawaru
Ru
Sif Muna
Trog
Uskayaw
Vehumet
Xom
Yredelemnul

Annotations:
D:8 1 transporter


Message History

* * * LOW HITPOINT WARNING * * *
Space bends around you.
* * * LOW HITPOINT WARNING * * *
The centaur unwields an uncursed shortbow.
You block the centaur's attack.
You hit the orc knight.
The orc knight is heavily wounded.
You slash the orc warrior! You slash the centaur!
You block the centaur's attack.
The orc knight hits you but does no damage.
The orc warrior hits you with a long sword of distortion!!
* * * LOW HITPOINT WARNING * * *
You feel strangely unstable.
You can now pass through a line of other dancers.
You enter the transporter and appear at another place.
A hound comes into view.
The hound barks!
You block the centaur's attack.
The orc knight hits you with a dire flail!
You die...

####### ##.......
######..######
##...#..##.... .##.#
#.......#8$.#.#..8#.#
........#_)#...#..#.##
......co#_$.......#..#
.......@#.$.......#©..
#....!.o#_$(......#...
#.......#_!.#.#...#...
#.#.....#8$#...#.8#..
....#...##...§...##..#
...##....#########...#
.h. .............!...#
.. #..%..............#
...######.###.##


You could see an orc knight, an orc warrior, a centaur and a hound.

Vanquished Creatures
  Menkaure (D:4)
  A phantom (D:4)
  A big kobold (D:3)
  A howler monkey (D:4)
  2 crimson imps
  A jelly (D:5)
  A bullfrog zombie (D:5)
  2 orc priests (D:3)
  Crazy Yiuf (D:2)
  Ijyb (D:3)
  An iguana (D:4)
  Natasha (thrice) (D:4)
  2 worker ants (D:4)
  A hound skeleton (D:4)
  10 adders
  An adder skeleton (D:5)
  2 adder zombies (D:5)
  3 worms
  A dart slug (D:1)
  A leopard gecko (D:1)
  12 orcs
  2 giant cockroaches (D:2)
  8 hobgoblins
  4 jackals (D:1)
  21 kobolds
  3 quokkas
  4 bats
  6 frilled lizards
  6 goblins
  A leopard gecko zombie (D:5)
  12 rats
  4 fungi (D:2)
120 creatures vanquished.

Vanquished Creatures (others)
  A wizard (D:4)
1 creature vanquished.

Grand Total: 121 creatures vanquished

Notes
Turn   | Place    | Note
-------+----------+-------------------------------------------
     0 | D:1      | anfisbena the Hill Orc Fighter began the quest for the Orb.
     0 | D:1      | Reached XP level 1. HP: 19/19 MP: 1/1
   207 | D:1      | Reached XP level 2. HP: 27/27 MP: 2/2
   552 | D:1      | Reached XP level 3. HP: 31/33 MP: 3/3
  1208 | D:2      | Reached XP level 4. HP: 41/41 MP: 4/4
  1279 | D:2      | Found a burning altar of Makhleb.
  1320 | D:2      | Reached skill level 5 in Fighting
  1880 | D:2      | Found a runed door.
  1884 | D:2      | Noticed Crazy Yiuf
  1891 | D:2      | Killed Crazy Yiuf
  1891 | D:2      | Reached skill level 5 in Axes
  1891 | D:2      | Reached XP level 5. HP: 46/49 MP: 5/5
  2127 | D:3      | Noticed a big kobold
  2145 | D:3      | Killed a big kobold
  2145 | D:3      | Reached XP level 6. HP: 48/58 MP: 6/6
  2289 | D:3      | Got a spiked ring mail
  2300 | D:3      | Identified the +1 ring mail of Ethics {rPois rC+ MR+ Dex-5} (You found it on level 3 of the Dungeon)
  2570 | D:3      | Noticed Ijyb
  2577 | D:3      | Killed Ijyb
  3008 | D:4      | Noticed Menkaure
  3022 | D:4      | HP: 2/58 [Menkaure (11)]
  3024 | D:4      | Killed Menkaure
  3024 | D:4      | Reached XP level 7. HP: 2/66 MP: 7/7
  3403 | D:4      | Noticed Natasha
  3404 | D:4      | Found a bloodstained altar of Trog.
  3411 | D:4      | Killed Natasha
  3419 | D:4      | Noticed a wizard
  3421 | D:4      | Killed a wizard
  3476 | D:4      | Noticed Natasha
  3482 | D:4      | Killed Natasha
  3508 | D:4      | Noticed Natasha
  3524 | D:4      | Killed Natasha
  4069 | D:5      | Entered Level 5 of the Dungeon
  4073 | D:5      | Found a shadowy altar of Dithmenos.
  4429 | D:5      | Reached XP level 8. HP: 75/75 MP: 8/8
  4438 | D:5      | Found a staircase to the Ecumenical Temple.
  4463 | Temple   | Entered the Ecumenical Temple
  4491 | Temple   | Became a worshipper of Uskayaw the Reveler
  4630 | D:5      | You fall through a shaft for 3 floors!
  4630 | D:8      | Found a transporter.
  4630 | D:8      | Found a white marble altar of Elyvilon.
  4630 | D:8      | Found a sparkling altar of Nemelex Xobeh.
  4630 | D:8      | Found a transporter.
  4630 | D:8      | Found a bloodstained altar of Trog.
  4630 | D:8      | Found a deep blue altar of Sif Muna.
  4630 | D:8      | Noticed an orc knight
  4631 | D:8      | Reached * piety under Uskayaw
  4637 | D:8      | Reached ** piety under Uskayaw
  4638 | D:8      | Slain by an orc knight

Skill      XL: |  1  2  3  4  5  6  7 |
---------------+----------------------+-----
Axes           | 3 4 5 6 7 8 |  8.6
Fighting       | 4 5 6 7 8 |  8.5
Armour         | |  3.2
Shields        | |  3.2

Action                   |  1- 3 |  4- 6 |  7- 9 || total
-------------------------+-------+-------+-------++-------
Melee: War axe           |   101 |   214 |   113 ||   428
  Use: Scroll            |       |     7 |       ||     7
       Potion            |       |     1 |     2 ||     3
  Eat: Chunk             |     1 |     6 |     3 ||    10
       Royal jelly       |       |       |     1 ||     1
       Fruit             |       |       |     1 ||     1
Armor: Scale mail        |    46 |    94 |    52 ||   192
Dodge: Dodged            |    30 |    58 |    16 ||   104
Block: Shield            |    55 |   104 |    53 ||   212
